 Dungeon Crawl Stone Soup version 0.28.0-45-g0d030f2227 (webtiles) character file.

Game seed: 11229646408909620870

783 Peloso the Slasher (level 7, -1/61 HPs)
             Began as a Minotaur Fighter on Apr 20, 2022.
             Succumbed to a killer bee's poison
             ... on level 5 of the Dungeon.
             The game lasted 00:09:30 (4611 turns).

Peloso the Slasher (Minotaur Fighter)               Turns: 4611, Time: 00:09:31

Health: -1/61      AC: 15    Str: 18 (21) XL:     7   Next: 55%
Magic:  6/6        EV:  5    Int:  3 (5)  God:
Gold:   213        SH:  4    Dex:  9 (11) Spells: 6/6 levels left

rFire   . . .      SeeInvis .   a - +0 long sword
rCold   . . .      Faith    .   c - +0 buckler
rNeg    . . .      Spirit   .   e - +1 plate armour
rPois   .          Reflect  .   (helmet restricted)
rElec   .          Harm     .   j - +0 cloak
rCorr   .          Rampage  .   (no gloves)
Will    .....                   (no boots)
Stlth   ..........              (no amulet)
HPRegen 0.20/turn               (no ring)
MPRegen 0.10/turn               (no ring)

@: mighty, lethally poisoned (-1 -> -10), invisible
A: horns 2, retaliatory headbutt
a: no special abilities


You were on level 5 of the Dungeon.
You visited 1 branch of the dungeon, and saw 5 of its levels.
You also visited: Sewer.

You collected 213 gold pieces.

Inventory:

Hand Weapons
 a - a +0 long sword (weapon)
Armour
 b - a +0 scale mail
 c - a +0 buckler (worn)
 e - a +1 plate armour (worn)
 j - a +0 cloak (worn)
Jewellery
 i - an amulet of the acrobat
Wands
 l - a wand of polymorph (3)
 p - a wand of mindburst (17)
Scrolls
 f - 2 scrolls of enchant weapon
 g - 4 scrolls of identify
 h - 4 scrolls of teleportation
Potions
 k - 4 potions of flight


   Skills:
 + Level 5.2 Fighting
 + Level 6.9 Long Blades
 + Level 6.9 Armour
 + Level 0.3 Dodging
 + Level 0.1 Stealth
 + Level 4.9 Shields


You had 6 spell levels left.
You didn't know any spells.
Your spell library contained the following spells:

 Spells                   Type           Power      Damage    Failure   Level
 Slow                     Hex            0%         N/A       100%        1
 Blink                    Tloc           0%         N/A       100%        2
 Confusing Touch          Hex            0%         N/A       100%        3
 Lesser Beckoning         Tloc           0%         N/A       100%        3
 Vampiric Draining        Necr           0%         2d6       100%        3
 Manifold Assault         Tloc           0%         N/A       100%        5


Dungeon Overview and Level Annotations

Branches:
Dungeon (5/15)              Sewer (visited)
 Temple: D:4-7

Altars:
Gozag
Nemelex Xobeh
Beogh

Shops:
D:1 (

Annotations:
D:4 3 runed translucent doors, AveHart's ghost, amateur DsIE


Innate Abilities, Weirdness & Mutations

You have a pair of horns on your head.
You reflexively headbutt those who attack you in melee.


Message History

You are lethally poisoned!
The killer bee poisons you!
You miss the killer bee.
The killer bee is moderately wounded.
* * * LOW HITPOINT WARNING * * *
You feel very sick. The killer bee barely misses you. x2
The killer bee stings you but does no damage.
You feel better. You block the killer bee's attack.
An iguana comes into view.
The killer bee stings you.
* * * LOW HITPOINT WARNING * * *
The iguana hisses angrily.
You hit the killer bee.
The killer bee is heavily wounded.
The killer bee stings you.
* * * LOW HITPOINT WARNING * * *
The killer bee stings you but does no damage.
You closely miss the killer bee.
The killer bee is heavily wounded.
The killer bee stings you but does no damage. x2
It was a potion of invisibility.
You fade into invisibility!
The killer bee stings you but does no damage. x2
It was a potion of degeneration.
There was something very wrong with that liquid.
You feel weakened.
You feel dopey.
You feel clumsy. The killer bee barely misses you.
The killer bee stings you but does no damage.
You barely miss the killer bee. Your headbutt misses the killer bee.
The killer bee is heavily wounded.
The killer bee stings you.
* * * LOW HITPOINT WARNING * * *
You are lethally poisoned!
The killer bee poisons you!
The killer bee stings you but does no damage.
Unknown command.
You miss the killer bee. Your headbutt misses the killer bee.
The killer bee is heavily wounded.
You die...

...####..#......#.##.##
#..........#.#........
#.....##.#..#.#.#.##...
#..... #.#.##[#.#.##...
#.... #......#.#.##...
#.... #..#####.#.##..#
#... #...# #.#)##...
###.#####.#.####.#)###.#
.......@yy.......).....#
.##.#####l#..###.#.#####
#.#......#.# #.#
..####.# #.#.#.# #.# #.#
.# #.# #.# # #.# .# #.#


You could see an iguana and 2 killer bees.

Vanquished Creatures
  An ogre (D:4)
  A necrophage (D:5)
  A centaur (D:3)
  A phantom (D:4)
  A water moccasin skeleton (D:3)
  A killer bee (D:5)
  2 orc priests
  Ijyb (D:5)
  Jessica (D:3)
  An orc wizard (D:4)
  A merfolk avatar (Sewer)
  A merfolk siren (Sewer)
  5 adders
  3 river rats
  2 worms
  A dart slug (D:4)
  13 orcs
  7 endoplasms
  4 giant cockroaches
  7 goblins
  4 hobgoblins
  2 kobolds (D:4)
  3 quokkas
  15 ball pythons
  3 bats
  4 frilled lizards
  27 rats
113 creatures vanquished.

Notes
Turn   | Place    | Note
-------+----------+-------------------------------------------
     0 | D:1      | Peloso the Minotaur Fighter began the quest for the Orb.
     0 | D:1      | Reached XP level 1. HP: 19/19 MP: 0/0
    82 | D:1      | Found Zummiank's Weapon Boutique.
   420 | D:1      | Reached XP level 2. HP: 27/27 MP: 1/1
  1139 | D:2      | Reached XP level 3. HP: 33/33 MP: 2/2
  1566 | D:2      | Found a faded altar of an unknown god.
  1677 | D:3      | Reached XP level 4. HP: 29/40 MP: 3/3
  1837 | D:3      | Reached skill level 5 in Long Blades
  1837 | D:3      | Reached XP level 5. HP: 27/46 MP: 4/4
  2093 | D:3      | Noticed a centaur
  2097 | D:3      | Noticed Jessica
  2103 | D:3      | Killed a centaur
  2104 | D:3      | Reached skill level 5 in Armour
  2120 | D:3      | Killed Jessica
  2752 | D:4      | Reached XP level 6. HP: 26/53 MP: 5/5
  2764 | D:4      | Found a glowing drain.
  2777 | Sewer    | Entered a sewer
  3760 | D:4      | Reached skill level 5 in Fighting
  3760 | D:4      | Reached XP level 7. HP: 56/61 MP: 6/6
  3850 | D:4      | Found a runed translucent gate.
  3850 | D:4      | Found a runed translucent gate.
  3850 | D:4      | Found a runed translucent gate.
  3859 | D:4      | Found an opulent altar of Gozag.
  3967 | D:4      | Found a sparkling altar of Nemelex Xobeh.
  4136 | D:4      | Identified the +9 spear of Judgement {antimagic, Str+4}
  4136 | D:4      | Identified the +2 scale mail "Jeil" {rElec rF+ SInv}
  4239 | D:4      | Noticed AveHart's ghost (amateur DsIE)
  4291 | D:5      | Entered Level 5 of the Dungeon
  4348 | D:5      | Noticed Ijyb
  4371 | D:5      | Killed Ijyb
  4604 | D:5      | HP: 3/61 [poisoned by a killer bee]
  4610 | D:5      | HP: 2/61 [killer bee (2)]
  4611 | D:5      | Succumbed to a killer bee's poison

Illustrated notes

Levels and vault maps discovered:
D:1:      kilobyte_arrival_exit_the_forest, layout_basic, serial_shops,
          nicolae_diamond_shop, chequers_serial_rivers_micro_c
D:2:      layout_basic, dilly_ecumenical_altar_fadedgnrine, serial_aquarium,
          aquarium_bridge_straight [aquarium_subvault_bridge,
          aquarium_subvault_wall, aquarium_subvault_bridge,
          aquarium_subvault_wall], aquarium_window_1, aquarium_window_1,
          aquarium_window_fake, aquarium_view_2b, aquarium_view_2d,
          aquarium_pool_1
D:3:      layout_basic, kennysheep_generic_room_14, uniq_jessica
D:4:      layout_basic, overflow_temple_1_default, lemuel_crystal_altar,
          biasface_ghost_orc_armoury, portal_sewer_entry_a
D:5:      layout_basic, uniq_ijyb

Skill      XL: |  1  2  3  4  5  6 |
---------------+-------------------+-----
Armour         | 4 5 6 |  6.9
Fighting       | 4 5 |  5.2
Long Blades    | 3 4 5 6 |  6.9
Shields        | 4 |  4.9
Dodging        | |  0.3
Stealth        | |  0.1

Action                   |  1- 3 |  4- 6 |  7- 9 || total
-------------------------+-------+-------+-------++-------
Melee: Long sword        |    76 |   145 |    63 ||   284
       Headbutt          |     6 |    30 |    10 ||    46
  Use: Scroll            |     3 |     2 |     1 ||     6
       Potion            |       |     2 |     5 ||     7
Armor: Scale mail        |    14 |       |       ||    14
       Plate armour      |    27 |   127 |    51 ||   205
Dodge: Dodged            |    26 |    57 |    24 ||   107
Block: Buckler           |    15 |    40 |    16 ||    71
